 Dungeon Crawl Stone Soup version 0.21-a0-380-gd65dc97 (webtiles) character file.

1511 Humpert the Bolt Thrower (level 8, -6/62 HPs)
             Began as a Demonspawn Wanderer on Oct 17, 2017.
             Was a Priest of Okawaru.
             Killed from afar by an electric eel (13 damage)
             ... with a bolt of electricity
             ... on level 6 of the Dungeon.
             The game lasted 00:21:22 (8675 turns).

Humpert the Bolt Thrower (Demonspawn Wanderer)      Turns: 8675, Time: 00:21:22

Health: -6/62      AC:  6    Str: 13    XL:     8   Next: 53%
Magic:  8/8        EV: 13    Int: 12    God:    Okawaru [***...]
Gold:   233        SH:  4    Dex: 16    Spells: 7/7 levels left

rFire    . . .     SeeInvis .   a - +2 hand crossbow
rCold    . . .     Gourm    .   (no shield)
rNeg     . . .     Faith    .   c - +0 ring mail
rPois    .         Spirit   .   (helmet restricted)
rElec    .         Reflect  .   (no cloak)
rCorr    .         Harm     .   (no gloves)
MR       .....                  (no boots)
Stlth    +.........             (no amulet)
HPRegen  0.20/turn              (no ring)
MPRegen  0.11/turn              (no ring)

@: no status effects
A: antennae 1, large bone plates 1, spiny 1
a: Heroism, Renounce Religion


You were on level 6 of the Dungeon.
You worshipped Okawaru.
Okawaru was most pleased with you.
You were not hungry.

You visited 1 branch of the dungeon, and saw 6 of its levels.
You also visited: Sewer.

You collected 233 gold pieces.

Inventory:

Hand Weapons
 a - a +2 hand crossbow (weapon)
Missiles
 b - 3 bolts (quivered)
Armour
 c - a +0 ring mail (worn)
 z - a cursed +0 chain mail
Jewellery
 u - an uncursed ring of poison resistance {unknown}
 E - an uncursed ring of protection from fire {unknown}
Wands
 q - a wand of random effects (16/48)
 t - a wand of iceblast (5/15)
 y - a wand of polymorph (1/24)
Scrolls
 d - 2 scrolls of teleportation
 i - 2 scrolls of fear
 n - 2 scrolls of noise {unknown}
 o - 2 scrolls of fog {unknown}
 p - a scroll of immolation {unknown}
 r - 2 scrolls of identify
 w - a scroll of recharging {unknown}
 B - a scroll of enchant weapon {unknown}
 C - a scroll of amnesia
 F - a scroll of magic mapping {unknown}
Potions
 e - 4 potions of cancellation
 g - 2 potions of flight {unknown}
 h - a potion of magic
 k - 2 potions of heal wounds
 l - 3 potions of agility
 s - a potion of lignification {unknown}
 v - a potion of curing {unknown}
 x - a potion of haste {unknown}
Comestibles
 f - 4 bread rations
 j - 2 royal jellies
 m - 2 meat rations


   Skills:
 + Level 5.2 Fighting
 + Level 5.5 Crossbows
 - Level 1.0 Throwing
 + Level 5.1 Armour
 + Level 5.1 Dodging
 - Level 1.0 Stealth


You had 7 spell levels left.
You didn't know any spells.

Dungeon Overview and Level Annotations

Branches:
Dungeon (6/15)             Temple (0/1) D:4

Altars:
Elyvilon
Okawaru
Ru
Wu Jian
Xom


Innate Abilities, Weirdness & Mutations

You have a pair of small antennae on your head.
You are partially covered in large bone plates. (SH +4)
You are partially covered in sharp spines.


Message History

The electric eel is severely wounded.
You hear a splash.
The bullfrog skeleton is struck by your spines.
The bullfrog skeleton hits you.
The electric eel shoots out a bolt of lightning at you!
The bolt of electricity misses you. The bolt of electricity hits you!
* * * LOW HITPOINT WARNING * * *
Firing (i - inventory):
b - 4 bolts (quivered)
Press: ? - help, Shift-Dir - straight line, f/p - electric eel
Aim: an electric eel (severely wounded)
You shoot a bolt.
The bolt barely misses the electric eel.
You hear a splash.
The bullfrog skeleton is struck by your spines.
The bullfrog skeleton hits you but does no damage.
The electric eel shoots out a bolt of lightning at you!
The bolt of electricity hits you!
* * * LOW HITPOINT WARNING * * *
The bolt of electricity hits you!
You die...

..## ...# ≈≈≈≈≈≈...#..#
###### ### ≈≈≈≈≈≈......
.....# #.. ≈≈≈≈≈≈≈...# ..#..#
#.### ###≈≈≈(≈≈P≈.# .###.#
##.#.# ##...(≈≈≈≈P≈.. ..#..#
#....# #...[;≈≈;≈≈≈≈. .....#
#....####@#...≈≈P≈≈P≈≈
.###.###.##.#.##.Z...(≈P;≈≈.≈
.# #.....#..#....#(...≈(≈≈≈P≈
.###.###.#.##.#######..P≈≈≈≈≈
#.............### #...≈≈≈≈≈
###......#.>....# #...≈≈≈≈≈
#.............# ##..P≈≈≈P
###........###..######...≈≈≈≈
...........#
#......##..≈≈≈≈≈≈≈


You could see 2 electric eels and a bullfrog skeleton.

Vanquished Creatures
  Prince Ribbit (D:5)
  Sigmund (D:2)
  An ice beast (D:5)
  2 sky beasts
  An ogre (D:5)
  A big kobold (Sewer)
  A wyvern zombie (D:6)
  A scorpion (D:5)
  The ghost of 4thArraOfDagon the Chucker, a weakling DsHu of Uskayaw (D:5)
  An electric eel (D:6)
  2 crimson imps (D:4)
  A hound (D:4)
  An iguana (D:5)
  Ijyb (D:5)
  2 orc wizards
  3 worker ants
  A worker ant zombie (D:6)
  A howler monkey skeleton (D:4)
  4 gnolls (D:5)
  8 adders
  3 river rats
  An ooze (D:1)
  4 worms
  8 dart slugs
  4 leopard geckos
  11 orcs
  5 giant cockroaches
  5 goblins
  4 hobgoblins
  17 jackals
  6 kobolds
  4 quokkas
  2 ball pythons
  5 bats
  3 frilled lizards
  12 rats
129 creatures vanquished.

Vanquished Creatures (others)
  A jackal skeleton (D:6)
1 creature vanquished.

Grand Total: 130 creatures vanquished

Notes
Turn   | Place    | Note
-------+----------+-------------------------------------------
     0 | D:1      | Humpert the Demonspawn Wanderer began the quest for the Orb.
     0 | D:1      | Humpert set off with: a +2 hand crossbow, 25 bolts, a +0 ring mail, a scroll of teleportation, a bread ration
     0 | D:1      | Reached XP level 1. HP: 15/15 MP: 1/1
    42 | D:1      | Gained mutation: You have a pair of small antennae on your head. [demonic ancestry]
    42 | D:1      | Reached XP level 2. HP: 21/21 MP: 2/2
   917 | D:1      | Reached XP level 3. HP: 27/27 MP: 3/3
  1745 | D:2      | Reached XP level 4. HP: 31/33 MP: 4/4
  1955 | D:2      | Found an iron altar of Okawaru.
  2044 | D:2      | Became a worshipper of Warmaster Okawaru
  2056 | D:2      | Noticed Sigmund
  2241 | D:2      | Found a sacrificial altar of Ru.
  2681 | D:2      | Killed Sigmund
  2681 | D:2      | Reached * piety under Okawaru
  2681 | D:2      | Reached XP level 5. HP: 41/41 MP: 5/5
  2967 | D:3      | Gained mutation: You are partially covered in large bone plates. (SH +4) [demonic ancestry]
  2967 | D:3      | Reached XP level 6. HP: 47/47 MP: 6/6
  3182 | D:3      | Found a glowing drain.
  3193 | Sewer    | Entered a sewer
  3844 | Sewer    | Found a white marble altar of Elyvilon.
  4001 | D:3      | Found an ornate altar of the Wu Jian Council.
  4049 | D:4      | Found a staircase to the Ecumenical Temple.
  4407 | D:4      | Found a shimmering altar of Xom.
  4633 | D:4      | Reached XP level 7. HP: 46/53 MP: 7/7
  5447 | D:5      | Entered Level 5 of the Dungeon
  5447 | D:5      | Noticed Prince Ribbit
  5501 | D:5      | Noticed 4thArraOfDagon's ghost (weakling DsHu)
  5509 | D:5      | Killed 4thArraOfDagon's ghost
  6000 | D:5      | Reached ** piety under Okawaru
  6312 | D:5      | Killed Prince Ribbit
  6312 | D:5      | Reached skill level 5 in Crossbows
  6312 | D:5      | Gained mutation: You are partially covered in sharp spines. [demonic ancestry]
  6312 | D:5      | Reached XP level 8. HP: 61/61 MP: 8/8
  6752 | D:5      | Noticed Ijyb
  6805 | D:5      | Killed Ijyb
  7366 | D:6      | Found a white marble altar of Elyvilon.
  7419 | D:6      | Reached skill level 5 in Fighting
  7425 | D:6      | Reached skill level 5 in Armour
  7689 | D:6      | Reached skill level 5 in Dodging
  8190 | D:6      | Reached *** piety under Okawaru
  8675 | D:6      | Killed from afar by an electric eel

Vault maps used:
D:1:      lemuel_arrival_lava_pool
D:2:      wad_pebble_path, overflow_temple_1_default,
          nicolae_ru_sacrificial_ziggurat, uniq_sigmund
D:3:      marbit_many_paths, portal_sewer_entry_e, first_bread
D:4:      led_xom_imps, minmay_temple_entry_statues_pillars,
          minmay_statues_item, lemuel_old_faithful
D:5:      hex_tiny, hangedman_abyss_or_decor_passed, uniq_ijyb,
          uniq_prince_ribbit1
D:6:      elyvilon_altar_4, chequers_big_river
Sewer:    sewer_kobolds

Skill      XL: |  1  2  3  4  5  6  7  8 |
---------------+-------------------------+-----
Armour         | 2 3 4 5 |  5.1
Dodging        | 2 3 4 5 |  5.1
Crossbows      | 3 4 5 |  5.5
Fighting       | 2 3 4 5 |  5.2
Throwing       | |  1.0
Stealth        | |  1.0

Action                   |  1- 3 |  4- 6 |  7- 9 || total
-------------------------+-------+-------+-------++-------
Melee: Unarmed           |       |       |    45 ||    45
 Fire: Hand crossbow     |    64 |   142 |   170 ||   376
  Use: Scroll            |       |     7 |     1 ||     8
       Potion            |       |     2 |     2 ||     4
  Eat: Chunk             |     2 |     6 |     4 ||    12
       Fruit             |       |     4 |     1 ||     5
       Meat ration       |       |       |     2 ||     2
Armor: Ring mail         |    11 |    12 |     8 ||    31
Dodge: Dodged            |     9 |    32 |    63 ||   104
Block: Other             |       |    10 |    16 ||    26

Table legend:
 A = Spawn XP
 B = Non-spawn XP
 C = Spawn XP percentage of total XP
 D = Spawn monster count
 E = Non-spawn monster count
 F = Spawn count percentage of total count
 G = Total turns spent on level
                    A         B        C        D         E        F      G
               +---------+---------+-------+---------+---------+-------+---------
         Total |       0 |    2159 |   0.0 |       0 |     129 |   0.0 |  8675
               +---------+---------+-------+---------+---------+-------+---------
           D:1 |       0 |      52 |   0.0 |       0 |      20 |   0.0 |  1338
           D:2 |       0 |     303 |   0.0 |       0 |      22 |   0.0 |  1426
           D:3 |       0 |      81 |   0.0 |       0 |      27 |   0.0 |   617
           D:4 |       0 |     219 |   0.0 |       0 |      15 |   0.0 |  1400
           D:5 |       0 |    1009 |   0.0 |       0 |      25 |   0.0 |  1841
           D:6 |       0 |     376 |   0.0 |       0 |      11 |   0.0 |  1357
         Sewer |       0 |     119 |   0.0 |       0 |       9 |   0.0 |   696
               +---------+---------+-------+---------+---------+-------+---------
